[Event "Team 45 45 League T87"]
[Site "Internet Chess Club"]
[Date "2021.01.29"]
[Round "4"]
[White "dalmata"]
[Black "kabindra"]
[Result "1/2-1/2"]
[WhiteElo "1573"]
[BlackElo "1602"]
[Opening "King's Indian defense, 3.Nc3"]
[ECO "E61"]
[Time "17:00:17"]
[TimeControl "2700+45"]

1. d4 Nf6 2. c4 g6 3. Nc3 Bg7 4. Nf3 O-O 5. Bg5 d6 6. e3 Nbd7 7. Be2 c6 8. O-O
e5 9. dxe5 dxe5 10. Bxf6 Bxf6 11. Ne4 Be7 12. Nd6 Qc7 13. Nxc8 Raxc8 14. Qc2 Nf6
15. Rfd1 Rcd8 16. Qc3 Bd6 17. Nd2 Qe7 18. e4 Bb4 19. Qc2 Bxd2 20. Rxd2 Rxd2 21.
Qxd2 Nxe4 22. Qe3 Nf6 23. Qxa7 Qb4 24. b3 Qd2 25. Qe3 Qb2 26. Rd1 e4 27. Rd2
Qa1+ 28. Bf1 Qe5 29. Be2 Qa1+ 30. Bf1 Qe5 31. Be2 Qa1+ 32. Bf1 {Game drawn by
repetition} 1/2-1/2

[Event "Team 45 45 League T87"]
[Site "Internet Chess Club"]
[Date "2021.02.02"]
[Round "4"]
[White "julesraider"]
[Black "DaveTheRook"]
[Result "1-0"]
[WhiteElo "1571"]
[BlackElo "1469"]
[Opening "Nimzo-Indian: classical variation"]
[ECO "E32"]
[Time "19:31:16"]
[TimeControl "2700+45"]

1. d4 Nf6 2. c4 e6 3. Nc3 Bb4 4. Qc2 O-O 5. a3 Be7 6. g3 d5 7. cxd5 exd5 8. Bg2
c6 9. Nf3 Re8 10. O-O Nbd7 11. b4 Nb6 12. Ne5 Be6 13. Na4 Nxa4 14. Qxa4 Nd7 15.
Nd3 Bf6 16. e3 Bf5 17. Qb3 Qb6 18. Ra2 Qb5 19. Rd1 Qb6 20. Rb2 a6 21. a4 Qc7 22.
Bd2 Bxd3 23. Qxd3 Nb6 24. Rc1 Nxa4 25. Rbc2 Nb6 26. e4 Qd7 27. e5 Be7 28. Qb3
Nc4 29. Re1 Bd8 30. f4 Nxd2 31. Rxd2 Bb6 32. Rdd1 Qc7 33. Bh3 Rad8 34. Bg2 Qc8
35. Kf1 Qf5 36. Kg1 Re6 37. Rd2 Rh6 38. Ree2 Re8 39. Bh1 Qh5 40. Qf3 Qxf3 41.
Bxf3 Ra8 42. f5 a5 43. Kg2 a4 44. Rd3 a3 45. Ra2 Kf8 46. g4 g5 47. Bd1 Rh4 48.
Kg3 Ke7 49. h3 Rh6 50. Kf2 Ra7 51. Bb3 Ra8 52. Rad2 Ra7 53. Kg3 Ra8 54. b5 cxb5
55. Bxd5 b4 56. Bxb7 a2 57. Bxa8 a1=Q 58. f6+ Kd8 59. Bd5 Qe1+ 60. Kg2 Qa1 61.
Bxf7 Qa8+ 62. Kh2 Qe4 63. Be6 Qf4+ 64. Kg2 Ba5 65. Bf5 b3 66. Rb2 Be1 67. f7 Ke7
68. Rdxb3 Kxf7 69. Rb7+ Ke8 70. Rb8+ Ke7 71. R2b7# {Black checkmated} 1-0

[Event "Team 45 45 League T87"]
[Site "Internet Chess Club"]
[Date "2021.01.28"]
[Round "4"]
[White "Denis240964"]
[Black "Conjurer"]
[Result "1-0"]
[WhiteElo "1418"]
[BlackElo "1280"]
[Opening "Queen's pawn game"]
[ECO "E20"]
[Time "15:00:42"]
[TimeControl "2700+45"]

1. d4 Nf6 2. c4 e6 3. Nc3 c6 4. e4 Bb4 5. Bd3 d5 6. e5 Ne4 7. Ne2 O-O 8. Qc2 f5
9. exf6 Nxf6 10. Bg5 Nbd7 11. Bxh7+ Kh8 12. Bg6 Qb6 13. Qd3 Ne4 14. Qh3+ Kg8 15.
Qh7# {Black checkmated} 1-0

[Event "Team 45 45 League T87"]
[Site "Internet Chess Club"]
[Date "2021.02.02"]
[Round "4"]
[White "nidusin2"]
[Black "WillC"]
[Result "1/2-1/2"]
[WhiteElo "1658"]
[BlackElo "1537"]
[Opening "Queen's pawn: London system"]
[ECO "A45"]
[Time "06:31:06"]
[TimeControl "2700+45"]

1. d4 Nf6 2. Bf4 e6 3. Nf3 c5 4. e3 Qb6 5. b3 cxd4 6. exd4 Bb4+ 7. c3 Bd6 8. Ne5
O-O 9. Nc4 Bxf4 10. Nxb6 axb6 11. g3 Bc7 12. Bg2 d5 13. Nd2 Nc6 14. f4 Bd7 15.
O-O b5 16. Nf3 Ne4 17. Qc2 f5 18. Ne5 Bxe5 19. fxe5 b4 20. Bxe4 dxe4 21. Qd2
bxc3 22. Qxc3 Rfc8 23. Qd2 Ra5 24. Rfd1 Rd5 25. Qf2 Nb4 26. g4 Nd3 27. Rxd3 exd3
28. gxf5 exf5 29. Qe3 Be6 30. Rd1 Rc2 31. Rxd3 Rxa2 32. Qg5 Rd7 33. d5 Bxd5 34.
Qxf5 Rg2+ 35. Kh1 Rf2+ 36. Rxd5 Rxf5 37. Rxd7 Rxe5 38. Rxb7 Re2 39. b4 h6 40. h4
g6 41. b5 Re4 42. b6 Rxh4+ 43. Kg2 Rb4 44. Kf3 g5 45. Rb8+ Kg7 46. b7 h5 47. Kg3
Rb3+ 48. Kg2 g4 49. Kh2 h4 50. Kg2 Rb2+ 51. Kg1 g3 52. Rc8 Rxb7 53. Rc4 Rb1+ 54.
Kg2 Rb2+ 55. Kg1 Rb1+ 56. Kg2 Rb2+ 57. Kg1 {Game drawn by mutual agreement}
1/2-1/2

[Event "Team 45 45 League T87"]
[Site "Internet Chess Club"]
[Date "2021.01.31"]
[Round "4"]
[White "RD1974"]
[Black "timothysmall56"]
[Result "0-1"]
[WhiteElo "1492"]
[BlackElo "1670"]
[Opening "Budapest defense declined"]
[ECO "A51"]
[Time "18:06:38"]
[TimeControl "2700+45"]

1. d4 Nf6 2. c4 e5 3. d5 Bb4+ 4. Nc3 Ne4 5. Qd3 Nc5 6. Qc2 d6 7. a3 Bxc3+ 8.
bxc3 Qf6 9. e4 Bd7 10. a4 a5 11. Be3 Nba6 12. Ne2 h5 13. f3 g5 14. Nc1 g4 15.
Be2 gxf3 16. gxf3 Qh4+ 17. Bf2 Qh3 18. Bxc5 Nxc5 19. Nd3 Qh4+ 20. Kd2 Nxd3 21.
Qxd3 Rg8 22. Qe3 b6 23. Kd3 O-O-O 24. Kc2 Rg2 25. Kb3 Rdg8 26. c5 dxc5 27. Ba6+
Kd8 28. d6 Qf2 29. dxc7+ Kxc7 30. Qxf2 Rxf2 31. Raf1 Rgg2 32. Rxf2 Rxf2 33. Rg1
Rxh2 34. Rg5 Kd6 35. Bc4 Be6 36. Rg8 h4 37. Rb8 Kc7 38. Re8 Bxc4+ 39. Kxc4 Kd6
40. Rd8+ Ke7 41. Rb8 h3 42. Kd5 Rb2 43. Kxe5 h2 44. Rb7+ Kd8 45. Rb8+ Kc7 46.
Rh8 b5 47. axb5 a4 48. Kd5 a3 49. Kxc5 a2 50. Rh7 a1=Q 51. Rxf7+ Kd8 52. c4 h1=Q
53. e5 Qhg1+ 54. Kc6 Qg6+ 55. Rf6 Qe8+ 56. Kb6 Rxb5+ 57. cxb5 Qd4+ {White
resigns} 0-1

[Event "Team 45 45 League T87"]
[Site "Internet Chess Club"]
[Date "2021.02.01"]
[Round "4"]
[White "fireball"]
[Black "Rybo88"]
[Result "0-1"]
[WhiteElo "1482"]
[BlackElo "1445"]
[Opening "Vienna game"]
[ECO "C28"]
[Time "11:02:38"]
[TimeControl "2700+45"]

1. e4 e5 2. Nc3 Nc6 3. Bc4 Nf6 4. d3 Na5 5. Bb3 Be7 6. f4 Nxb3 7. axb3 d6 8. Nf3
Nd7 9. O-O O-O 10. f5 b6 11. Nd5 Bb7 12. Nxe7+ Qxe7 13. Ng5 h6 14. Nf3 d5 15.
Qe1 dxe4 16. dxe4 Nf6 17. Nd2 Qc5+ 18. Kh1 Qxc2 19. Rf3 Nxe4 20. Rh3 Nxd2 21.
Qf2 Qd1+ 22. Qg1 Qxg1+ 23. Kxg1 Ne4 24. Be3 c5 25. Kf1 Rfd8 26. Ke2 a5 27. Rh4
Nd6 28. Rf1 Ne4 29. Rg4 Kh7 30. Rh4 Rd6 31. g4 Kg8 32. Rg1 Rad8 33. Rh3 Rd3 34.
Rh5 Rxb3 35. Bc1 Ng5 36. h4 Bf3+ {White resigns} 0-1

[Event "Team 45 45 League T87"]
[Site "Internet Chess Club"]
[Date "2021.01.30"]
[Round "4"]
[White "sdcohle"]
[Black "tamky70"]
[Result "1-0"]
[WhiteElo "1361"]
[BlackElo "1262"]
[Opening "Robatsch (modern) defense"]
[ECO "B06"]
[Time "14:30:58"]
[TimeControl "2700+45"]

1. e4 g6 2. d4 Bg7 3. g3 d6 4. Bg2 c6 5. Ne2 Nd7 6. O-O Ngf6 7. c3 O-O 8. f4 Nb6
9. h3 Nfd7 10. f5 Nf6 11. fxg6 fxg6 12. Nd2 e5 13. Nf3 Bd7 14. dxe5 dxe5 15.
Nxe5 Be6 16. Qxd8 Raxd8 17. Bg5 h6 18. Bxf6 Rxf6 19. Rxf6 Bxf6 20. Nxg6 Rd2 21.
Nef4 Bf7 22. e5 Bxg6 23. Nxg6 Bg7 24. e6 Re2 25. Nf4 Nc8 {Black resigns} 1-0

[Event "Team 45 45 League T87"]
[Site "Internet Chess Club"]
[Date "2021.02.02"]
[Round "4"]
[White "Ajolote"]
[Black "PolishRyszard"]
[Result "1-0"]
[WhiteElo "2025"]
[BlackElo "1840"]
[Opening "Philidor: Improved Hanham variation"]
[ECO "B07"]
[Time "11:00:23"]
[TimeControl "2700+45"]

1. e4 d6 2. d4 Nf6 3. Nc3 Nbd7 4. Nf3 e5 5. Bc4 Be7 6. a4 a5 7. O-O c6 8. Re1
Qc7 9. h3 h6 10. Be3 Nf8 11. Qd2 g5 12. dxe5 dxe5 13. Rad1 Rg8 14. h4 Ng4 15.
hxg5 Nxe3 16. Qxe3 hxg5 17. Ne2 g4 18. Nh2 Bg5 19. Qb3 b6 20. Ng3 Ne6 21. Nf5
Nc5 22. Nd6+ Kf8 23. Qc3 Be6 24. Qxe5 Bxc4 25. Nxc4 Bf4 26. Qxc7 Bxc7 27. b3 Re8
28. e5 g3 29. Nf3 gxf2+ 30. Kxf2 Rg4 31. Rd4 Rg6 32. Nd6 Bxd6 33. exd6 Rd8 34.
Red1 Rgxd6 35. Rxd6 Rxd6 36. Rxd6 Ne4+ 37. Ke3 Nxd6 38. Ne5 Nf5+ 39. Ke4 Nd6+
40. Kf4 Ke7 41. Nxc6+ Ke6 42. g4 f6 43. Nd4+ Kd5 44. Nb5 Nf7 45. Nc3+ Ke6 46.
Ne4 Ne5 47. Nd2 Nc6 48. Nf3 Ne7 49. c4 Nc6 50. Ke4 Ne7 51. Nd4+ Kd7 52. Ne2 Kd6
53. Nf4 Kc5 54. Nd5 Ng8 55. Kf5 Nh6+ 56. Kf4 Ng8 57. Ke4 Kc6 58. Kd4 Kb7 59. c5
bxc5+ 60. Kxc5 Ka6 61. Kd6 Kb7 62. Ke6 f5 63. gxf5 Nh6 64. f6 Kc6 65. Ne7+ Kc5
66. Nf5 Nxf5 67. Kxf5 Kb4 68. f7 Kxb3 69. f8=Q Kxa4 70. Ke4 Kb3 71. Kd3 a4 72.
Qb8+ {Black resigns} 1-0

[Event "Team 45 45 League T87"]
[Site "Internet Chess Club"]
[Date "2021.01.30"]
[Round "4"]
[White "cadmiumorange"]
[Black "McDreasor"]
[Result "1/2-1/2"]
[WhiteElo "1851"]
[BlackElo "1906"]
[Opening "Pirc: Byrne variation"]
[ECO "B07"]
[Time "06:00:21"]
[TimeControl "2700+45"]

1. d4 Nf6 2. Nc3 g6 3. e4 d6 4. Bg5 Bg7 5. Qd2 h6 6. Bh4 O-O 7. O-O-O c6 8. f4
b5 9. e5 b4 10. exf6 bxc3 11. Qxc3 exf6 12. Bd3 Be6 13. f5 Bd5 14. fxg6 Qb6 15.
gxf7+ Rxf7 16. Bc4 Na6 17. Bxd5 cxd5 18. Qb3 Qc6 19. Rd3 Rb8 20. Rc3 Qa8 21. Qa4
Rb6 22. Ne2 Rfb7 23. Rb3 Nb4 24. Nc3 Ra6 25. Qxb4 Rxb4 26. Rxb4 Rb6 {Game drawn
by mutual agreement} 1/2-1/2

[Event "Team 45 45 League T87"]
[Site "Internet Chess Club"]
[Date "2021.01.30"]
[Round "4"]
[White "ErnestoRondon"]
[Black "pishd"]
[Result "0-1"]
[WhiteElo "1849"]
[BlackElo "1869"]
[Opening "Queen's pawn, Mason variation"]
[ECO "D00"]
[Time "10:21:57"]
[TimeControl "2700+45"]

1. d4 d5 2. Bf4 Nf6 3. h3 c5 4. c3 Qb6 5. Qb3 c4 6. Qxb6 axb6 7. Nd2 Bf5 8. Ngf3
Nc6 9. e3 b5 10. Ne5 e6 11. Be2 b4 12. O-O bxc3 13. bxc3 Ba3 14. Rab1 Bxb1 15.
Rxb1 O-O 16. Rxb7 Rab8 17. Rxb8 Nxb8 18. Nb1 Bb2 19. f3 Bc1 20. Kf2 Rc8 21. a4
Nc6 22. Bd1 Nxe5 23. Bxe5 Rc6 24. Ke2 Rb6 25. Bc2 Rb2 26. Kd1 Bxe3 27. a5 Ra2
28. Bc7 Ne8 29. Bb6 Nd6 30. Nd2 Nb7 31. Nf1 Ra1+ 32. Ke2 Bc1 33. f4 Bxf4 34. g3
Bd6 35. g4 Nxa5 36. h4 Nc6 37. g5 Ra6 38. Bc5 Bxc5 39. dxc5 Ra5 40. h5 Rxc5 41.
g6 hxg6 42. hxg6 f5 43. Nd2 Ne7 {White resigns} 0-1

[Event "Team 45 45 League T87"]
[Site "Internet Chess Club"]
[Date "2021.01.30"]
[Round "4"]
[White "walkover"]
[Black "zugknightly"]
[Result "1/2-1/2"]
[WhiteElo "1678"]
[BlackElo "1873"]
[Opening "King's Indian: fianchetto, Panno variation"]
[ECO "E63"]
[Time "12:01:03"]
[TimeControl "2700+45"]

1. d4 Nf6 2. c4 g6 3. Nc3 Bg7 4. Nf3 d6 5. g3 O-O 6. Bg2 Nc6 7. O-O a6 8. h3 Rb8
9. e4 b5 10. cxb5 axb5 11. Re1 Nd7 12. Bg5 h6 13. Be3 e5 14. Rc1 Nxd4 15. Nxd4
exd4 16. Bxd4 b4 17. Nd5 c5 18. Bxg7 Kxg7 19. Qd2 Nf6 20. Ne3 Bb7 21. Nc4 d5 22.
exd5 Bxd5 23. Bxd5 Nxd5 24. Re5 Nb6 25. Qxd8 Rfxd8 26. Nxb6 Rxb6 27. Rexc5 {Game
drawn by mutual agreement} 1/2-1/2

[Event "Team 45 45 League T87"]
[Site "Internet Chess Club"]
[Date "2021.01.31"]
[Round "4"]
[White "cool64chess"]
[Black "Sloggi"]
[Result "1/2-1/2"]
[WhiteElo "1992"]
[BlackElo "1942"]
[Opening "QGD Slav: 4.Nc3"]
[ECO "D15"]
[Time "23:04:14"]
[TimeControl "2700+45"]

1. d4 d5 2. c4 c6 3. Nc3 Nf6 4. Nf3 a6 5. Bg5 Ne4 6. Bh4 Nxc3 7. bxc3 dxc4 8. e4
b5 9. Be2 Qa5 10. Qd2 g6 11. O-O Bg7 12. a4 Qd8 13. Rfb1 Bd7 14. Qg5 O-O 15.
Qxe7 Qxe7 16. Bxe7 Re8 17. Bd6 Rxe4 18. Bxc4 bxc4 19. Bxb8 Re8 20. Be5 f6 21.
Bd6 Be6 22. Rb6 Bd5 23. Nd2 Bh6 24. Nf1 Re2 {Game drawn by mutual agreement}
1/2-1/2

[Event "Team 45 45 League T87"]
[Site "Internet Chess Club"]
[Date "2021.01.30"]
[Round "4"]
[White "ArturitoGalacti"]
[Black "fhunfi"]
[Result "1/2-1/2"]
[WhiteElo "1806"]
[BlackElo "1797"]
[Opening "English opening"]
[ECO "A13"]
[Time "20:00:57"]
[TimeControl "2700+45"]

1. c4 e6 2. g3 f5 3. Bg2 Nf6 4. d3 g6 5. Nc3 Bg7 6. e4 d6 7. Nge2 e5 8. exf5
gxf5 9. d4 O-O 10. Nd5 c6 11. Nxf6+ Qxf6 12. Be3 Qf7 13. Qb3 Nd7 14. O-O Nf6 15.
d5 c5 16. h3 Nh5 17. f4 e4 18. Bd2 Bf6 19. Bc3 Qg7 20. Bxf6 Rxf6 21. Qc3 Rg6 22.
Qxg7+ Rxg7 23. Kh2 Nf6 24. a3 a6 25. Nc3 Bd7 26. Rae1 b5 27. b3 Be8 28. g4 fxg4
29. Nxe4 Nxe4 30. Rxe4 bxc4 31. bxc4 g3+ 32. Kg1 Rb8 33. Re6 Rd7 34. Re3 Rg7 35.
Re6 Rd7 36. Rf3 Rb1+ 37. Bf1 Bh5 38. Rxg3+ Kf8 39. Kf2 Rf7 40. Be2 Bxe2 41. Kxe2
Rxf4 42. Rxd6 Rxc4 43. Re3 Rb2+ 44. Kf3 Rd4 45. Rd8+ Kf7 46. d6 Rbd2 47. Rc8
Rxd6 48. Rxc5 {Game drawn by mutual agreement} 1/2-1/2

[Event "Team 45 45 League T87"]
[Site "Internet Chess Club"]
[Date "2021.01.31"]
[Round "4"]
[White "KidRattler"]
[Black "Tufnell"]
[Result "1/2-1/2"]
[WhiteElo "1789"]
[BlackElo "1773"]
[Opening "Queen's pawn: London system"]
[ECO "A45"]
[Time "11:59:15"]
[TimeControl "2700+45"]

1. d4 Nf6 2. Bf4 c5 3. c3 Qb6 4. Qc1 cxd4 5. cxd4 Nc6 6. e3 d6 7. Nf3 e5 8. dxe5
dxe5 9. Bg3 Ne4 10. a3 Nxg3 11. hxg3 Be6 12. Nc3 Be7 13. Be2 O-O 14. O-O Rfd8
15. Rd1 Bb3 16. Rxd8+ Rxd8 17. Nd2 Na5 18. Qe1 Be6 19. b4 Nb3 20. Nxb3 Bxb3 21.
Bd1 Be6 22. Bf3 Qa6 23. Be2 Qd6 24. Rd1 Qc7 25. Rxd8+ Qxd8 26. Qd1 Qxd1+ 27.
Nxd1 Kf8 28. Nb2 a5 29. Bf3 axb4 30. axb4 Bxb4 31. Bxb7 Ke7 32. Kf1 Bc3 33. Na4
Bc4+ 34. Kg1 Bb4 35. Nb6 Be6 36. Bd5 Ba5 37. Bxe6 Bxb6 38. Bc4 f6 39. Kf1 Kd6
40. Ke2 Kc5 41. Bd3 h6 42. Kf3 Kd5 43. Kg4 {Game drawn by mutual agreement}
1/2-1/2

[Event "Team 45 45 League T87"]
[Site "Internet Chess Club"]
[Date "2021.01.30"]
[Round "4"]
[White "Boxermam"]
[Black "cayo89"]
[Result "1-0"]
[WhiteElo "1766"]
[BlackElo "1532"]
[Opening "Philidor: Improved Hanham variation"]
[ECO "B07"]
[Time "14:00:35"]
[TimeControl "2700+45"]

1. e4 d6 2. d4 Nf6 3. Nc3 e5 4. Nf3 Nbd7 5. Bc4 Be7 6. O-O c6 7. a4 a5 8. h3 h6
9. Be3 Qc7 10. Re1 Nf8 11. d5 g5 12. Nd2 Ng6 13. Kh2 Nf4 14. Bf1 Bd7 15. g3 Ng6
16. Nc4 c5 17. f3 Kf8 18. Nb5 Bxb5 19. axb5 b6 20. b4 a4 21. c3 Kg7 22. Rxa4 Qb7
23. bxc5 bxc5 24. Na5 Qb6 25. Nc6 Rhc8 26. Qa1 Rxa4 27. Qxa4 Rc7 28. Ra1 Rb7 29.
Qa8 Kh7 30. Ra7 Rxa7 31. Qxa7 Qxa7 32. Nxa7 Nd7 33. Nc8 Kg8 34. b6 Kf8 35. Bb5
Ke8 36. b7 {Black resigns} 1-0

[Event "Team 45 45 League T87"]
[Site "Internet Chess Club"]
[Date "2021.01.30"]
[Round "4"]
[White "room-matt"]
[Black "fledermaus"]
[Result "1/2-1/2"]
[WhiteElo "1818"]
[BlackElo "1891"]
[Opening "Sicilian: Taimanov variation"]
[ECO "B45"]
[Time "12:07:32"]
[TimeControl "2700+45"]

1. e4 c5 2. Nf3 e6 3. d4 cxd4 4. Nxd4 Nc6 5. Nc3 Nf6 6. Be2 Bb4 7. O-O Bxc3 8.
bxc3 Nxe4 9. Bd3 d5 10. Nxc6 bxc6 11. Bxe4 dxe4 12. Qxd8+ Kxd8 13. Re1 f6 14.
Rxe4 Kc7 15. f4 Bd7 16. Ba3 Rhd8 17. Bb4 a5 18. Ba3 Bc8 19. Rd4 Ba6 20. Re1 Rxd4
21. cxd4 Bc4 22. Ra1 Rb8 {Game drawn by mutual agreement} 1/2-1/2

[Event "Team 45 45 League T87"]
[Site "Internet Chess Club"]
[Date "2021.02.01"]
[Round "4"]
[White "MathBandit"]
[Black "pishd"]
[Result "0-1"]
[WhiteElo "1680"]
[BlackElo "1877"]
[Opening "French: Wing gambit"]
[ECO "C00"]
[Time "07:08:49"]
[TimeControl "2700+45"]

1. e4 e6 2. Nf3 d5 3. e5 c5 4. b4 c4 5. c3 a5 6. b5 Qb6 7. a4 Bc5 8. Qe2 Nd7 9.
g3 Ne7 10. Bg2 Ng6 11. O-O Qc7 12. Re1 O-O 13. Ba3 f6 14. exf6 Rxf6 15. Bxc5
Nxc5 16. Nd4 Nd3 17. Rf1 Qd6 18. Na3 e5 19. Nf3 Bg4 20. Qe3 Raf8 21. Ne1 Nxf2
22. Rxf2 Rxf2 23. Qxf2 Rxf2 24. Kxf2 Qc5+ 25. Kf1 b6 26. Nac2 d4 27. Nf3 Qf8
{White resigns} 0-1

[Event "Team 45 45 League T87"]
[Site "Internet Chess Club"]
[Date "2021.01.31"]
[Round "4"]
[White "Zugzwanged"]
[Black "MrAbendroth"]
[Result "0-1"]
[WhiteElo "1696"]
[BlackElo "1681"]
[Opening "French: exchange variation"]
[ECO "C01"]
[Time "10:08:01"]
[TimeControl "2700+45"]

1. e4 e6 2. d4 d5 3. exd5 exd5 4. Nf3 Bd6 5. Bd3 Ne7 6. O-O Nbc6 7. c3 Bf5 8.
Re1 Qd7 9. h3 Bxd3 10. Qxd3 f6 11. Nbd2 g5 12. Qb5 O-O-O 13. Nb3 h5 14. Nh2 Nf5
15. Qd3 g4 16. Bd2 g3 17. fxg3 Nxg3 18. Re3 Ne4 19. Rxe4 dxe4 20. Qxe4 Rde8 21.
Qf3 f5 22. Rf1 Ref8 23. Qe2 f4 24. Nf3 Re8 25. Qd3 Rhg8 26. Kh1 Rg3 27. Be1 Re3
28. Qc2 Rg8 29. Bf2 Rxf3 30. Qe4 Rxh3+ 31. Kg1 f3 32. g3 Rh1+ 33. Kxh1 Qh3+
{White resigns} 0-1

[Event "Team 45 45 League T87"]
[Site "Internet Chess Club"]
[Date "2021.01.31"]
[Round "4"]
[White "ILRE"]
[Black "dalmata"]
[Result "1/2-1/2"]
[WhiteElo "1629"]
[BlackElo "1576"]
[Opening "Queen's pawn"]
[ECO "A40"]
[Time "07:00:23"]
[TimeControl "2700+45"]

1. d4 e6 2. Bf4 d5 3. Nf3 c5 4. e3 Nc6 5. c3 Nf6 6. Bd3 Be7 7. h3 O-O 8. Nbd2 c4
9. Bc2 b5 10. Ne5 Nxe5 11. dxe5 Nd7 12. Nf3 f5 13. Nd4 Nb8 14. Qf3 Qe8 15. h4
Nc6 16. Rh3 Nxd4 17. exd4 b4 18. Ke2 Rb8 19. Bg5 Rb7 20. Bxe7 Qxe7 21. h5 h6 22.
Rg3 bxc3 23. Qxc3 Qb4 24. Rb1 Qxc3 25. bxc3 Rxb1 26. Bxb1 Rf7 {Game drawn by
mutual agreement} 1/2-1/2

[Event "Team 45 45 League T87"]
[Site "Internet Chess Club"]
[Date "2021.01.30"]
[Round "4"]
[White "Draconian"]
[Black "bobhill"]
[Result "0-1"]
[WhiteElo "1660"]
[BlackElo "1848"]
[Opening "Sicilian: Alapin's variation (2.c3)"]
[ECO "B22"]
[Time "10:05:36"]
[TimeControl "2700+45"]

1. e4 c5 2. c3 d5 3. exd5 Qxd5 4. d4 Nf6 5. Nf3 Bg4 6. Be2 e6 7. O-O Be7 8. Na3
a6 9. Nc2 Bh5 10. Be3 cxd4 11. Bxd4 O-O 12. Ne3 Qd8 13. Qb3 Nc6 14. Qxb7 Nxd4
15. cxd4 Rb8 16. Qxa6 Rxb2 17. Rfd1 Bd6 18. Rab1 Bxh2+ 19. Nxh2 Bxe2 20. Qa3
Rxb1 21. Rxb1 Qxd4 22. Rb4 Qa1+ 23. Nhf1 Nd5 24. Qb2 Qe1 25. Nxd5 Qxf1+ 26. Kh2
exd5 27. Rb8 f6 28. Rxf8+ Kxf8 29. Qb8+ Kf7 30. Qc7+ Kg6 31. Qg3+ Kf5 32. Qxg7
Qxf2 33. Qxh7+ Ke6 34. Qg8+ Kd6 35. Qb8+ Ke7 36. Qc7+ Kf8 37. Qd8+ Kg7 38. Qxd5
Qf4+ 39. Kg1 Bg4 40. Qb7+ Kg6 41. Qb3 Qd4+ 42. Kh2 Qe5+ 43. Kg1 Be6 44. Qa4 Qa1+
45. Kh2 Qxa2 46. Qe8+ Kg5 47. Qb5+ Bf5 48. Qc5 Qa4 49. Qd5 Qf4+ 50. Kg1 Qe3+ 51.
Kf1 Qd3+ 52. Qxd3 Bxd3+ 53. Kf2 Kg4 54. Ke3 Bg6 55. Ke2 Kg3 56. Ke3 Kxg2 57. Kf4
f5 58. Kg5 Kg3 59. Kxg6 f4 60. Kf5 f3 61. Ke4 f2 62. Ke3 f1=Q 63. Kd4 Qe2 64.
Kc5 Qd3 65. Kb6 Qc3 66. Ka7 Qb4 67. Ka8 Kf4 68. Ka7 Ke5 69. Ka6 Kd6 70. Ka7 Kc7
71. Ka8 {White resigns} 0-1

[Event "Team 45 45 League T87"]
[Site "Internet Chess Club"]
[Date "2021.01.28"]
[Round "4"]
[White "Kingofknights"]
[Black "Mitochondria"]
[Result "1-0"]
[WhiteElo "1558"]
[BlackElo "1557"]
[Opening "King's Indian: Sämisch, 5...O-O"]
[ECO "E81"]
[Time "17:00:16"]
[TimeControl "2700+45"]

1. d4 Nf6 2. c4 g6 3. f3 Bg7 4. e4 d6 5. Nc3 O-O 6. Bg5 e5 7. dxe5 dxe5 8. Qxd8
Rxd8 9. Nd5 Nbd7 10. Rd1 Rf8 11. Nxc7 Rb8 12. Ne2 Nb6 13. Nc3 Ne8 14. N3d5 Nxd5
15. Nxd5 f6 16. Be3 b6 17. Ne7+ Kh8 18. Be2 Rf7 19. Nxc8 Rxc8 20. Kf2 Nc7 21. b4
Bf8 22. a3 a5 23. c5 bxc5 24. Bc4 Rg7 25. b5 Na8 26. a4 Nb6 27. Bb3 c4 28. Rc1
Bc5 29. Bxc5 Rxc5 30. Rhd1 Rgc7 31. Rd8+ Kg7 32. Bd1 c3 33. Rb8 c2 34. Rxb6
cxd1=Q 35. Rxd1 Rc2+ 36. Kg3 Ra2 37. Rc6 Rxc6 38. bxc6 Rc2 39. Rd7+ Kh6 40. Ra7
Rxc6 41. Rxa5 Rc2 42. Ra7 Ra2 43. a5 g5 44. a6 Kg6 45. Ra8 Kh5 46. a7 Ra3 47. h3
Ra2 48. Rf8 Rxa7 49. Rxf6 Ra5 50. h4 gxh4+ 51. Kh3 Rb5 52. Rf5+ Kg6 53. Kxh4 Ra5
54. g3 Rb5 55. f4 Rb4 56. Rxe5 Kf6 57. Kh5 Rb1 58. Rf5+ Ke6 59. Kg5 Rg1 60. Re5+
Kf7 61. g4 Ra1 62. Rb5 Ra6 63. Rb7+ Kg8 64. e5 Re6 65. Kf5 Ra6 66. e6 h5 67.
gxh5 Ra5+ 68. Kg6 Kf8 69. f5 Ra6 70. h6 Ra1 71. Kf6 Kg8 72. e7 Ra6+ 73. Kg5 Kf7
74. h7 Ra8 75. Rd7 Re8 76. f6 Ke6 77. Rd8 {Black resigns} 1-0

[Event "Team 45 45 League T87"]
[Site "Internet Chess Club"]
[Date "2021.01.30"]
[Round "4"]
[White "WillC"]
[Black "cap78red"]
[Result "1-0"]
[WhiteElo "1531"]
[BlackElo "1395"]
[Opening "King's Indian: East Indian defense"]
[ECO "A48"]
[Time "12:40:28"]
[TimeControl "2700+45"]

1. d4 Nf6 2. Nf3 g6 3. b3 d5 4. Bb2 Bg7 5. e3 O-O 6. Bd3 c5 7. Nbd2 b6 8. c4 Bb7
9. O-O Nc6 10. a3 Qc7 11. Rc1 dxc4 12. Nxc4 Ng4 13. h3 Nxd4 14. hxg4 Nxf3+ 15.
gxf3 b5 16. Bxg7 bxc4 17. Bxf8 cxd3 18. Bh6 f5 19. gxf5 gxf5 20. Kh1 Qc6 21.
Rg1+ Kf7 22. Bf4 Qf6 23. Rxc5 Qh4+ 24. Bh2 Qh3 25. Rg3 Qh5 26. b4 Rg8 27. Qb3+
e6 28. Rc7+ Kf6 29. Qc3+ e5 30. Rxb7 Rxg3 31. Qc6+ Kg5 32. Rg7+ Kh4 33. Rxg3 d2
34. Qf6+ Qg5 35. Qxg5# {Black checkmated} 1-0

[Event "Team 45 45 League T87"]
[Site "Internet Chess Club"]
[Date "2021.01.31"]
[Round "4"]
[White "Chess4Him"]
[Black "julesraider"]
[Result "1-0"]
[WhiteElo "1570"]
[BlackElo "1558"]
[Opening "Queen's pawn: London system"]
[ECO "A45"]
[Time "17:02:26"]
[TimeControl "2700+45"]

1. d4 Nf6 2. Bf4 g6 3. Nc3 Bg7 4. e4 d6 5. Qd2 Nbd7 6. Bh6 O-O 7. Bxg7 Kxg7 8.
O-O-O a5 9. h4 a4 10. a3 c6 11. h5 e5 12. hxg6 fxg6 13. Qh6+ Kf7 14. Bc4+ Ke8
15. Nf3 Qe7 16. Ng5 Ng8 17. Bxg8 Rxg8 18. Nxh7 Rg7 19. Ng5 Kd8 20. Ne6+ Qxe6 21.
Qxg7 Qf6 22. Qxf6+ Nxf6 23. dxe5 Ng4 24. Rxd6+ Kc7 25. Rh7+ Kb8 26. e6 Nf6 27.
Rh8 Kc7 28. e5 Ra5 29. f4 Nh5 30. e7 Ng7 31. e8=Q Nxe8 32. Rxe8 Bf5 33. Re7+ Kb6
34. Rd4 Ra7 35. Rxa4 Ra6 36. Rb4+ Kc5 37. Rexb7 Ra8 38. Na4+ Rxa4 39. Rxa4 Kd5
40. g3 Kc5 41. b3 Kd5 42. Rc4 Bc8 43. Rg7 Bf5 44. Kd2 Bg4 45. Ke3 Bf5 46. a4 c5
47. a5 Kc6 48. a6 Be6 49. Rxg6 Kd5 50. Rxe6 Kxe6 51. a7 {Black resigns} 1-0

[Event "Team 45 45 League T87"]
[Site "Internet Chess Club"]
[Date "2021.01.29"]
[Round "4"]
[White "Toalla"]
[Black "BrerRabbit"]
[Result "0-1"]
[WhiteElo "1173"]
[BlackElo "1424"]
[Opening "Sicilian defense"]
[ECO "B20"]
[Time "14:31:03"]
[TimeControl "2700+45"]

1. e4 c5 2. c4 d6 3. f4 e6 4. Nc3 a6 5. Nf3 Ne7 6. Be2 Ng6 7. d3 Be7 8. O-O O-O
9. Qe1 Nc6 10. Be3 b6 11. a3 Bb7 12. Rd1 Qc7 13. d4 cxd4 14. Nxd4 Nxd4 15. Bxd4
e5 16. Be3 exf4 17. Bxf4 Nxf4 18. Rxf4 d5 19. Rg4 dxc4 20. Qg3 Qxg3 21. Rxg3
Bc5+ 22. Kf1 Rad8 23. e5 Rxd1+ 24. Bxd1 Re8 25. Rg5 Bd4 26. Bf3 Bxf3 27. gxf3
Rxe5 28. Rxe5 Bxe5 29. h3 Bxc3 30. bxc3 Kf8 31. Ke2 Ke7 32. Ke3 Kd6 33. Kd4 b5
34. f4 f6 35. f5 g6 36. Ke4 g5 37. Kd4 h5 38. Ke4 Kc5 39. Kf3 Kd5 40. Ke3 Ke5
{White resigns} 0-1

[Event "Team 45 45 League T87"]
[Site "Internet Chess Club"]
[Date "2021.01.30"]
[Round "4"]
[White "Ostap-Bender"]
[Black "oldbookseller"]
[Result "1-0"]
[WhiteElo "1240"]
[BlackElo "1029"]
[Opening "Ruy Lopez: Cozio defense"]
[ECO "C60"]
[Time "14:00:33"]
[TimeControl "2700+45"]

1. e4 e5 2. Nf3 Nc6 3. Bb5 Nge7 4. O-O d6 5. c3 g6 6. d4 exd4 7. cxd4 Bg7 8. d5
Bd7 9. dxc6 bxc6 10. Bc4 O-O 11. Nc3 Kh8 12. Bg5 f6 13. Be3 g5 14. Qd2 Bh6 15.
h4 Ng6 16. hxg5 Bg7 17. gxf6 Bxf6 18. Bd4 Nh4 19. Bxf6+ Qxf6 20. Nxh4 Qxh4 21.
Qd4+ Qf6 22. Qxf6+ Rxf6 23. f4 Rg6 24. f5 Rg5 25. Rae1 d5 26. exd5 cxd5 27. Bxd5
c6 28. Be6 Rd8 29. Bxd7 Rdg8 30. Bxc6 Rxg2+ 31. Bxg2 {Black resigns} 1-0